 Dungeon Crawl Stone Soup version 0.29.0-5-ge4962eb29e (webtiles) character file.

Game seed: 12921522276212285400

21242 browni3141 the Cleaver (level 13, -10/111 HPs)
             Began as a Meteoran Delver on Aug 29, 2022.
             Was a High Priest of Vehumet.
             Mangled by a cane toad (12 damage)
             ... on level 3 of the Lair of Beasts.
             The game lasted 01:13:13 (7188 turns).

browni3141 the Cleaver (Meteoran Delver)            Turns: 7188, Time: 01:13:13

Health: -10/111    AC:  7    Str: 17 (20) XL:     13   Next: 49%
Magic:  0/28       EV: 14    Int: 18 (19) God:    Vehumet [*****.]
Gold:   789        SH: 11    Dex: 17 (18) Spells: 13/32 levels left

rFire   + . .      SeeInvis .   T - +4 war axe (freeze)
rCold   . . .      Faith    .   E - +1 kite shield {rF+}
rNeg    . . .      Spirit   +   B - +0 robe of Forking Paths {rPois Dex+2 Slay+3}
rPois   +          Reflect  .   p - +0 helmet
rElec   +          Harm     .   x - +1 cloak {Will+}
rCorr   .          Rampage  .   J - +0 pair of gloves
Will    ++...                   f - +0 pair of boots
Stlth   +.........              G - amulet of guardian spirit
HPRegen 0.28/turn               w - ring "Ynos" {rElec Str+2 Int+6}
MPRegen 0.21/turn               Z - ring of wizardry

@: lethally poisoned (-10 -> -15), glowing
A: sense surroundings 2, otherworldly, glowing, explore regen
a: Renounce Religion


You were on level 3 of the Lair of Beasts.
You worshipped Vehumet.
Vehumet was extremely pleased with you.
You visited 3 branches of the dungeon, and saw 16 of its levels.
You also visited: Volcano.

You collected 959 gold pieces.
You spent 170 gold pieces at shops.


Innate Abilities, Weirdness & Mutations

You passively map the area around you.
You are easily found by Zot.
You glow in the dark.
You regain HP and MP as you explore.


   Skills:
 * Level 9.2 Fighting
 * Level 12.9 Axes
 - Level 2.0 Armour
 * Level 7.1 Dodging
 - Level 4.0 Stealth
 * Level 5.2 Shields
 - Level 10.0 Spellcasting
 - Level 12.0 Conjurations
 - Level 3.0 Ice Magic
 - Level 4.0 Air Magic
 - Level 4.0 Poison Magic
 - Level 4.0 Evocations


You had 13 spell levels left.
You knew the following spells:

 Your Spells              Type           Power      Damage    Failure   Level
f - Freezing Cloud        Conj/Ice/Air   15%        6-21      5%          5
m - Mephitic Cloud        Conj/Pois/Air  32%        N/A       1%          3
o - Olgreb's Toxic Radia  Pois           23%        N/A       4%          4
w - Stone Arrow           Conj/Erth      60%        3d10      1%          3
z - Freeze                Ice            76%        1d9       1%          1
X - Ignite Poison         Fire/Tmut/Pois 13%        N/A       4%          3

Your spell library contained the following spells:

 Spells                   Type           Power      Damage    Failure   Level
 Yara's Violent Unravell  Hex/Tmut       4%         3d4       47%         5
 Apportation              Tloc           18%        N/A       9%          1
 Blink                    Tloc           18%        N/A       13%         2
 Sublimation of Blood     Necr           9%         N/A       13%         2
 Wereblood                Tmut           9%         N/A       13%         2
 Conjure Ball Lightning   Conj/Air       18%        3x3d6     13%         6
 Lesser Beckoning         Tloc           9%         N/A       26%         3
 Alistair's Intoxication  Tmut/Pois      10%        N/A       69%         5
 Manifold Assault         Tloc           9%         N/A       91%         5
 Ozocubu's Refrigeration  Ice            9%         4d9       98%         7
 Summon Hydra             Summ           4%         N/A       100%        7
 Discord                  Hex            4%         N/A       100%        8
 Disjunction              Tloc           4%         N/A       100%        8
 Ignition                 Fire           4%         3d4       100%        8

Inventory:

Hand Weapons
 z - a +1 broad axe of flaming
 T - a +4 war axe of freezing (weapon)
Missiles
 j - 10 atropa-tipped darts (quivered)
Armour
 f - a +0 pair of boots (worn)
 h - a +2 buckler of protection
 p - a +0 helmet (worn)
 x - a +1 cloak of willpower (worn)
 B - the +0 robe of Forking Paths (worn) {rPois Dex+2 Slay+3}
   (You found it on level 6 of the Dungeon)

   Dex:       It affects your dexterity (+2).
   Slay:      It affects your accuracy & damage with ranged weapons and melee
   (+3).
   rPois:     It protects you from poison.
 E - a +1 kite shield of fire resistance (worn)
 I - a +3 leather armour of fire resistance
 J - a +0 pair of gloves (worn)
Jewellery
 v - a ring of see invisible
 w - the ring "Ynos" (left hand) {rElec Str+2 Int+6}
   (You found it on level 2 of the Lair of Beasts)

   [ring of intelligence]

   Str:       It affects your strength (+2).
   Int:       It affects your intelligence (+6).
   rElec:     It insulates you from electricity.
 G - an amulet of guardian spirit (around neck)
 N - a ring of positive energy
 S - a +6 ring of strength
 W - a ring of magical power
 Z - a ring of wizardry (right hand)
Wands
 a - a wand of acid (5)
 g - a wand of digging (1)
 M - a wand of paralysis (9)
 R - a wand of flame (48)
 X - a wand of iceblast (5)
Scrolls
 c - a scroll of fog {@r5}
 d - 2 scrolls of magic mapping
 e - 2 scrolls of teleportation {unknown}
 k - 4 scrolls of vulnerability {!r}
 m - 4 scrolls of enchant armour
 s - 2 scrolls of blinking {@r3}
 u - 7 scrolls of amnesia {unknown}
 y - 4 scrolls of poison {unknown}
 A - a scroll of summoning {unknown}
 D - 2 scrolls of acquirement {unknown}
 H - a scroll of immolation {!r}
 L - a scroll of enchant weapon {unknown}
 P - 2 scrolls of fear
 Q - a scroll of noise {unknown}
 U - 2 scrolls of silence {unknown}
Potions
 i - a potion of brilliance {unknown}
 l - 5 potions of degeneration {!q}
 n - 6 potions of lignification {!q}
 o - a potion of invisibility {unknown}
 q - 3 potions of ambrosia
 r - a potion of magic {unknown}
 t - a potion of flight
 C - 2 potions of resistance {unknown}
 F - 3 potions of mutation {unknown}
 K - 4 potions of curing {@q1}
 O - 3 potions of might {unknown}
 V - 2 potions of haste {@q3}
 Y - a potion of cancellation {unknown}
Miscellaneous
 b - a lightning rod (4/4)

Dungeon Overview and Level Annotations

Branches:
Dungeon (12/15) Zot: 1325  Temple (1/1) D:5 Zot: 588    Lair (3/5) D:10 Zot: 821
 Shoals (0/4) Lair:2       Spider (0/4) Lair:2      Volcano (visited)
    Orc: D:9-12

Altars:
Ashenzari
Cheibriados
Dithmenos
Elyvilon
Fedhas
Gozag
Hepliaklqana
Kikubaaqudgha
Makhleb
Nemelex Xobeh
Okawaru
Qazlal
Ru
Sif Muna
Trog
Uskayaw
Vehumet
Wu Jian
Xom
Yredelemnul
Zin
The Shining One

Shops:
D:4 (   D:7 [   D:9 (   D:10 *

Annotations:
D:3 exclusion: downstairs
D:4 exclusions: jelly and 1 more exclusion
D:5 exclusion: scorpion, Eustachio
D:6 1 exclusion, Dowan, Duvessa, Menkaure
Lair:3 Nergalle

,,,,**,,,,..........##§##.###.##*
,,,,*,,,,,.........##≈≈≈####...#*
,8,,,*,,,,..........≈≈≈≈≈##.#.##*
,,,,*,,8,,#.........≈§§≈≈..####**
,,,,*,,,,,*.........§≈≈≈.###***,,
,8,,,,,,,**..##....##.≈.##,,,**,,
,,,,,,,,,*,.,##.Z...##.##*,,,**,,
,<,,8,,**...##...F...###*,,,,,*,,
,,,,,,**,....†.F@†......P,,,,,,,,
,8,,,,*,,.......o........,,,,,,,,
,,,,,*,,,......°..........,,,,,,*
*+*,*,,,,.................,,,,,**
,,,**,,,,....##°.°........,,,,,**
,,,,*,,,,...#*...........,,,,,,,*
,<,8*,,,,..[**#.........,,,,,,,**
,,,,*,,,,.#***#.........,,,,,,,**
,8,**,,,,,,***,,,,,,,,,,,,,,,,,,*


You could see Nergalle, a spectral orc knight (summoned) and 2 cane toads.


Message History

The cane toad completely misses you.
Nergalle is engulfed in blazing flames.
Unknown command.
The cane toad stings you!
* * * LOW HITPOINT WARNING * * *
You are poisoned.
The cane toad poisons you!
Nergalle is engulfed in blazing flames.
Unknown command.
You barely miss Nergalle.
Nergalle is severely wounded.
You barely miss the cane toad.
You feel very sick. Nergalle barely misses you.
You block the cane toad's attack.
Unknown command.
You hit Nergalle but do no damage.
Nergalle is severely wounded.
You hit the cane toad. You freeze the cane toad.
You feel very sick.
Nergalle gestures at you while chanting.
Orcish apparitions take form around you.
The cane toad barely misses you. The cane toad stings you!
* * * LOW HITPOINT WARNING * * *
You barely miss Nergalle.
Nergalle is severely wounded.
You hit the cane toad.
The cane toad seems to slow down.
You freeze the cane toad. You hit the cane toad. You freeze the cane toad.
* * * LOW HITPOINT WARNING * * *
You feel sick. You block Nergalle's attack. The cane toad stings you.
* * * LOW HITPOINT WARNING * * *
The cane toad stings you!
You die...

Skill      XL: |  1  2  3  4  5  6  7  8  9 10 11 12 13 |
---------------+----------------------------------------+-----
Axes           | 3 4 7 10 11 12 | 12.9
Shields        | 1 2 3 5 |  5.2
Air Magic      | 2 3 4 |  4.0
Poison Magic   | 2 3 4 |  4.0
Conjurations   | 2 3 4 5 6 8 10 11 12 | 12.0
Spellcasting   | 1 2 3 6 8 10 | 10.0
Armour         | 2 |  2.0
Fighting       | 5 6 8 9 |  9.2
Dodging        | 5 7 |  7.1
Ice Magic      | 3 |  3.0
Stealth        | 4 |  4.0
Evocations     | 4 |  4.0

Action                   |  1- 3 |  4- 6 |  7- 9 | 10-12 | 13-15 || total
-------------------------+-------+-------+-------+-------+-------++-------
Melee: Hand axe          |    67 |   243 |   293 |       |       ||   603
       War axe           |       |       |    59 |   220 |    53 ||   332
Throw: Dart              |       |     3 |    11 |     3 |     1 ||    18
 Cast: Mephitic Cloud    |       |       |    10 |     9 |     4 ||    23
       Ignite Poison     |       |       |     3 |    15 |     7 ||    25
       Stone Arrow       |       |       |       |    14 |     1 ||    15
       Olgreb's Toxic Ra |       |       |       |    21 |    11 ||    32
       Freezing Cloud    |       |       |       |     5 |     5 ||    10
       Freeze            |       |       |       |     1 |       ||     1
Evoke: Wand              |     2 |     5 |     6 |     2 |     9 ||    24
  Use: Scroll            |     1 |     4 |     5 |       |     1 ||    11
       Potion            |     1 |       |     5 |     1 |     5 ||    12
 Stab: Sleeping          |     1 |     1 |       |       |       ||     2
       Confused          |       |       |    10 |       |       ||    10
       Invisible         |       |       |     1 |       |       ||     1
       Paralysed         |       |       |     3 |       |       ||     3
Armor: Leather armour    |    20 |    23 |       |       |       ||    43
       Ring mail         |       |    61 |    84 |       |       ||   145
       Robe              |       |       |    46 |    55 |    13 ||   114
Dodge: Dodged            |    31 |    86 |   134 |    88 |    24 ||   363
Block: Buckler           |    28 |    66 |   115 |    80 |    21 ||   310
       Kite shield       |       |       |       |       |     3 ||     3

Levels and vault maps discovered:
D:1:      dpeg_arrival_rhombi, layout_loops_ring
D:2:      layout_basic, grunt_ministairs_14, minmay_stone_trees_small,
          amethyst_killhole, minmay_rat_gold_closets, uniq_robin
D:3:      layout_loops_ring, fedhas_altar_fruit_tree, minmay_stone_trees_medium,
          st_stairs_1
D:4:      layout_loops_corners, serial_shops, kennysheep_mini_moat,
          minmay_misc_feat_rows, minmay_misc_feat_plants, uniq_sigmund,
          uniq_grinder
D:5:      layout_gridville, lemuel_crystal_altar,
          minmay_temple_entry_drinking_statues, portal_sewer_entry_f,
          uniq_eustachio
D:6:      layout_loops_cross, kennysheep_slug_shrine, uniq_menkaure,
          uniq_duvessa
D:7:      layout_rooms, nicolae_overflow_crystal_walls, serial_shops,
          nicolae_shop_hallway_stairs
D:8:      layout_basic
D:9:      layout_gridville, lightli_temple_of_fire, serial_shops,
          nicolae_shop_advertising_works [nicolae_subvault_shop_adworks]
D:10:     layout_big_octagon, dpeg_lair_monsters, serial_shops, shop_fountains
D:11:     layout_roguey, minmay_lindwurm_lava
D:12:     layout_roguey, erik_orc_2, uniq_rupert
Temple:   sentei_temple_godly_chess
Lair:1:   layout_roguey, uniq_erica
Lair:2:   gammafunk_worm_tunnel, layout_concentric_octagons,
          elwin_shoals_entry_rocks, dummy_spider_entry
Lair:3:   layout_gridlike, gauntlet_entry_generic, enter_volcano_4,
          lemuel_fruit_tree, serial_bayou_shore_b, grunt_megastairs_3,
          uniq_nergalle

Notes
Turn   | Place    | Note
-------+----------+-------------------------------------------
     0 | D:5      | browni3141 the Meteoran Delver began the quest for the Orb.
     0 | D:5      | Reached XP level 1. HP: 19/19 MP: 2/2
    35 | D:5      | Found a shimmering altar of Xom.
    42 | D:6      | Noticed an iguana
    48 | D:6      | Noticed Dowan
    49 | D:6      | Noticed Duvessa
    56 | D:6      | Noticed an iguana
    63 | D:5      | Reached skill level 3 in Axes
    63 | D:5      | Reached skill level 1 in Shields
    63 | D:5      | Reached XP level 2. HP: 25/26 MP: 3/3
   130 | D:5      | Noticed a scorpion
   192 | D:5      | Found a glowing drain.
   193 | D:5      | Noticed a phantom
   209 | D:5      | Noticed a jelly
   231 | D:5      | Noticed a water moccasin
   250 | D:4      | Found Enuacuff's Antique Weapon Boutique.
   278 | D:4      | Noticed a jelly
   391 | D:4      | Reached skill level 2 in Shields
   391 | D:4      | Reached XP level 3. HP: 23/31 MP: 4/4
   392 | D:4      | Noticed a howler monkey
   518 | D:2      | Reached XP level 4. HP: 38/38 MP: 5/5
   648 | D:1      | Learned a level 3 spell: Mephitic Cloud
   903 | D:1      | Reached skill level 4 in Axes
   935 | D:1      | Reached skill level 3 in Shields
  1037 | D:1      | Reached XP level 5. HP: 45/45 MP: 6/6
  1234 | D:2      | Noticed Robin
  1235 | D:2      | Reached skill level 1 in Air Magic
  1244 | D:2      | Reached skill level 1 in Poison Magic
  1261 | D:2      | Killed Robin
  1262 | D:2      | Reached skill level 1 in Conjurations
  1296 | D:2      | You fall into a shaft and drop 1 floor!
  1402 | D:4      | Noticed Grinder
  1469 | D:4      | Noticed Sigmund
  1778 | D:3      | Found a blossoming altar of Fedhas.
  1849 | D:4      | Noticed a phantom
  1865 | D:3      | Reached skill level 2 in Conjurations
  1865 | D:3      | Reached skill level 2 in Air Magic
  1865 | D:3      | Reached skill level 2 in Poison Magic
  1865 | D:3      | Reached skill level 1 in Spellcasting
  1865 | D:3      | Reached XP level 6. HP: 51/51 MP: 8/8
  1889 | D:4      | Reached skill level 2 in Spellcasting
  1979 | D:4      | Killed Grinder
  1980 | D:4      | Reached skill level 3 in Conjurations
  1980 | D:4      | Reached skill level 3 in Air Magic
  1980 | D:4      | Reached skill level 3 in Poison Magic
  1980 | D:4      | Reached XP level 7. HP: 38/57 MP: 11/11
  1997 | D:4      | Killed Sigmund
  1998 | D:4      | Reached skill level 3 in Spellcasting
  1998 | D:4      | Reached skill level 4 in Poison Magic
  2108 | D:4      | Reached skill level 4 in Conjurations
  2108 | D:4      | Reached XP level 8. HP: 61/63 MP: 13/13
  2163 | D:4      | Bought a broad axe for 116 gold pieces
  2296 | D:5      | Reached skill level 4 in Air Magic
  2371 | D:4      | Reached skill level 5 in Axes
  2455 | D:5      | Noticed Eustachio
  2597 | D:5      | Reached skill level 1 in Armour
  2958 | D:5      | Reached skill level 6 in Axes
  2980 | D:5      | Found a staircase to the Ecumenical Temple.
  2994 | D:5      | Reached skill level 2 in Armour
  3009 | Temple   | Entered the Ecumenical Temple
  3015 | Temple   | Became a worshipper of Vehumet
  3129 | D:6      | Identified the +0 robe of Forking Paths {rPois Dex+2
                  | Slay+3}
  3146 | D:6      | Noticed Menkaure
  3208 | D:6      | Found a snail-covered altar of Cheibriados.
  3413 | D:7      | Found Qeckif's Armour Emporium.
  3472 | D:7      | Reached skill level 7 in Axes
  3472 | D:7      | Reached skill level 5 in Conjurations
  3504 | D:7      | Gained mutation: You passively map the area around you.
                  | [Meteoran growth]
  3504 | D:7      | Reached XP level 9. HP: 62/70 MP: 11/14
  3516 | D:7      | Reached * piety under Vehumet
  3516 | D:7      | Offered knowledge of Freeze by Vehumet.
  3521 | D:7      | Learned a level 1 spell: Freeze
  3573 | D:7      | Found an opulent altar of Gozag.
  3667 | D:7      | Bought a +0 pair of gloves for 54 gold pieces
  3697 | D:7      | Reached skill level 6 in Conjurations
  3703 | D:7      | Reached skill level 8 in Axes
  3936 | D:8      | Reached skill level 9 in Axes
  3943 | D:8      | Offered knowledge of Shock by Vehumet.
  3953 | D:8      | Learned a level 3 spell: Ignite Poison
  4076 | D:8      | Reached ** piety under Vehumet
  4099 | D:8      | Reached skill level 10 in Axes
  4166 | D:8      | Reached skill level 4 in Fighting
  4423 | D:8      | Reached skill level 5 in Fighting
  4429 | D:8      | Reached XP level 10. HP: 75/81 MP: 15/15
  4433 | D:8      | Reached skill level 4 in Shields
  4459 | D:8      | Reached skill level 5 in Shields
  4528 | D:8      | Reached skill level 3 in Dodging
  4572 | D:8      | Offered knowledge of Stone Arrow by Vehumet.
  4573 | D:8      | Reached skill level 4 in Dodging
  4577 | D:8      | Learned a level 3 spell: Stone Arrow
  4582 | D:8      | Learned a level 4 spell: Olgreb's Toxic Radiance
  4595 | D:9      | Found Lat Etag's Weapon Shoppe.
  4615 | D:9      | Reached skill level 5 in Dodging
  4622 | D:9      | Reached skill level 5 in Spellcasting
  4622 | D:9      | Reached skill level 1 in Ice Magic
  4623 | D:9      | Reached skill level 2 in Ice Magic
  4660 | D:9      | Reached *** piety under Vehumet
  4661 | D:9      | Reached skill level 7 in Conjurations
  4661 | D:9      | Reached skill level 3 in Ice Magic
  4928 | D:9      | Found a burning altar of Makhleb.
  5040 | D:10     | Entered Level 10 of the Dungeon
  5061 | D:10     | Reached skill level 8 in Conjurations
  5061 | D:10     | Found Wastrin's Assorted Antiques.
  5080 | D:10     | Reached skill level 6 in Spellcasting
  5090 | D:10     | Noticed a death yak
  5095 | D:10     | Reached XP level 11. HP: 86/86 MP: 15/22
  5096 | D:10     | Noticed a death yak
  5098 | D:10     | Killed a death yak
  5099 | D:10     | Reached skill level 8 in Spellcasting
  5099 | D:10     | Noticed a death yak
  5102 | D:10     | Offered knowledge of Airstrike by Vehumet.
  5104 | D:10     | Killed a death yak
  5105 | D:10     | Reached skill level 4 in Stealth
  5105 | D:10     | Reached skill level 9 in Conjurations
  5106 | D:10     | Killed a death yak
  5107 | D:10     | Reached skill level 10 in Conjurations
  5107 | D:10     | Reached skill level 3 in Evocations
  5110 | D:10     | Found a staircase to the Lair.
  5158 | D:10     | Reached skill level 4 in Evocations
  5176 | D:10     | Reached **** piety under Vehumet
  5341 | D:11     | Noticed a catoblepas
  5359 | D:11     | Killed a catoblepas
  5366 | D:11     | Learned a level 5 spell: Freezing Cloud
  5421 | D:11     | Noticed a lindwurm
  5425 | D:11     | Noticed a lindwurm
  5426 | D:11     | Noticed a lindwurm
  5432 | D:11     | Killed a lindwurm
  5433 | D:11     | Reached skill level 6 in Fighting
  5435 | D:11     | Killed a lindwurm
  5437 | D:11     | Killed a lindwurm
  5438 | D:11     | Reached skill level 11 in Axes
  5438 | D:11     | Reached XP level 12. HP: 40/97 MP: 0/25
  5441 | D:11     | Noticed a lindwurm
  5468 | D:11     | Killed a lindwurm
  5469 | D:11     | Reached skill level 7 in Fighting
  5560 | D:11     | Noticed a two-headed ogre
  5567 | D:11     | Killed a two-headed ogre
  5647 | D:11     | Noticed a two-headed ogre
  5652 | D:11     | Killed a two-headed ogre
  5844 | Lair:1   | Entered Level 1 of the Lair of Beasts
  5905 | Lair:1   | Reached skill level 8 in Fighting
  5905 | Lair:1   | Reached skill level 12 in Axes
  6006 | Lair:1   | Noticed Erica
  6010 | Lair:1   | Killed Erica
  6011 | Lair:1   | Reached skill level 9 in Spellcasting
  6068 | Lair:1   | Reached skill level 11 in Conjurations
  6083 | Lair:1   | Offered knowledge of Fulminant Prism by Vehumet.
  6404 | Lair:2   | Found a hole to the Spider Nest.
  6410 | Lair:2   | Reached skill level 10 in Spellcasting
  6483 | Lair:2   | Found a transporter.
  6512 | Lair:2   | Found a staircase to the Shoals.
  6532 | Lair:2   | Found a transporter.
  6557 | Lair:2   | Reached XP level 13. HP: 86/107 MP: 8/28
  6575 | Lair:2   | Reached skill level 12 in Conjurations
  6608 | Lair:2   | Identified the ring "Ynos" {rElec Str+2 Int+6}
  6648 | Lair:2   | Noticed a boulder beetle
  6666 | Lair:2   | Killed a boulder beetle
  6772 | Lair:3   | Reached skill level 6 in Dodging
  6795 | Lair:3   | Found a dark tunnel.
  6800 | Volcano  | Entered a volcano
  6897 | Volcano  | Found a burning altar of Makhleb.
  6910 | Volcano  | Noticed a stone giant
  6920 | Volcano  | Killed a stone giant
  6927 | Volcano  | Reached skill level 9 in Fighting
  7179 | Lair:3   | Noticed Nergalle
  7181 | Lair:3   | Reached ***** piety under Vehumet
  7181 | Lair:3   | Offered knowledge of Yara's Violent Unravelling by Vehumet.
  7182 | Lair:3   | Reached skill level 7 in Dodging
  7187 | Lair:3   | HP: 7/111 [cane toad (9)]
  7188 | Lair:3   | HP: 2/111 [cane toad (3)]
  7188 | Lair:3   | Mangled by a cane toad

Vanquished Creatures
  A stone giant (Volcano)
  A boulder beetle (Lair:2)
  2 two-headed ogres (D:11)
  3 death yaks (D:10)
  Erica (Lair:1)
  A catoblepas (D:11)
  4 lindwurms (D:11)
  A gargoyle (Volcano)
  3 cane toads
  2 molten gargoyles (Volcano)
  An efreet (Volcano)
  A rime drake (Lair:3)
  An unseen horror (D:11)
  5 komodo dragons
  2 polar bears
  6 blink frogs (Lair:3)
  Sigmund (D:4)
  A wyvern (D:10)
  2 wraiths
  13 yaks
  3 fire elementals (Volcano)
  4 vampire mosquitoes (D:10)
  A steam dragon (D:9)
  4 swamp worms (Lair:2)
  An acid dragon (D:9)
  4 water moccasins
  2 orc warriors
  A sky beast (D:8)
  A black bear (D:4)
  6 wolves (Lair:2)
  2 phantoms
  3 centaurs
  3 kobold brigands
  8 bullfrogs
  13 wights
  7 killer bees
  4 howler monkeys
  3 lava snakes (Volcano)
  3 orc priests
  A jelly (D:5)
  5 iguanas
  11 orc wizards
  A hell rat (D:10)
  Robin (D:2)
  A gnoll (D:1)
  6 adders
  A white imp (D:4)
  An ufetubus (D:7)
  3 dart slugs
  36 orcs
  2 bats (D:3)
  2 endoplasms (D:1)
  6 giant cockroaches
  8 goblins
  13 hobgoblins
  23 kobolds
  10 quokkas
  2 ball pythons (D:2)
  6 frilled lizards
  14 rats
278 creatures vanquished.

Vanquished Creatures (others)
  Grinder (D:4)
  A briar patch (Lair:2)
  4 fungi (Lair:1)
  A plant (Lair:2)
7 creatures vanquished.

Grand Total: 285 creatures vanquished

Table legend: (Time is in decaauts)
 A = Elapsed time spent in this place.
 B = Non-inter-level travel time spent in this place.
 C = Inter-level travel time spent in this place.
 D = Time resting spent in this place.
 E = Time spent auto-exploring this place.
 F = Levels seen in this place.
 G = Mean time per level.
                   A        B        C        D        E       F      G
               +--------+--------+--------+--------+--------+-----+--------+
         Total |   7220 |   6980 |    240 |    240 |      0 |  17 |  424.7 |
       Dungeon |   5874 |   5661 |    213 |    222 |      0 |  12 |  489.5 |
        Temple |     11 |     11 |      0 |      0 |      0 |   1 |   11.0 |
          Lair |    977 |    950 |     27 |      0 |      0 |   3 |  325.7 |
       Volcano |    357 |    357 |      0 |     18 |      0 |   1 |  357.0 |
               +--------+--------+--------+--------+--------+-----+--------+

Top non-repeatable levels by time:
     D:4: 1070 daAuts
     D:8: 666 daAuts
     D:5: 612 daAuts
     D:1: 560 daAuts
    D:11: 524 daAuts
     D:2: 513 daAuts
     D:7: 506 daAuts
  Lair:1: 472 daAuts
     D:9: 463 daAuts
  Lair:2: 410 daAuts
     D:3: 381 daAuts
 Volcano: 357 daAuts
     D:6: 298 daAuts
    D:10: 263 daAuts
  Lair:3: 94 daAuts

Table legend:
 A = Non-vault XP
 B = Vault XP
 C = Vault XP percentage of total XP
 D = Non-vault monster count
 E = Vault monster count
 F = Vault count percentage of total count
                 A         B        C        D         E       F
            +---------+---------+-------+---------+---------+-------
      Total |   19687 |   10659 |  35.1 |     225 |      54 |  19.4
            +---------+---------+-------+---------+---------+-------
        D:1 |      44 |       0 |   0.0 |      17 |       0 |   0.0
        D:2 |      44 |      39 |  47.0 |      11 |      19 |  63.3
        D:3 |      78 |       4 |   4.9 |      16 |       2 |  11.1
        D:4 |     317 |     474 |  59.9 |      12 |       2 |  14.3
        D:5 |     329 |       6 |   1.8 |      13 |       3 |  18.8
        D:6 |     154 |       4 |   2.5 |       6 |       1 |  14.3
        D:7 |     781 |       0 |   0.0 |      28 |       0 |   0.0
        D:8 |    1745 |       0 |   0.0 |      39 |       0 |   0.0
        D:9 |    1931 |       0 |   0.0 |      19 |       0 |   0.0
       D:10 |    2061 |    2504 |  54.9 |      22 |       7 |  24.1
       D:11 |    3066 |    2623 |  46.1 |       5 |       4 |  44.4
     Lair:1 |    3898 |     823 |  17.4 |      17 |       1 |   5.6
     Lair:2 |    2798 |     655 |  19.0 |      11 |       4 |  26.7
     Lair:3 |    2441 |       0 |   0.0 |       9 |       0 |   0.0
    Volcano |       0 |    3527 | 100.0 |       0 |      11 | 100.0
            +---------+---------+-------+---------+---------+-------
